cohdb
Replays
Latest Replays
All Replays
Popular Replays
Top Player Replays
Match Explorer
How It Works
Community
CoH3 Stats
Reddit
Sign in to upload your games and track your stats! →
Sign in with Steam
Match 34823194
Unlisted
Match 34823194
Overview
Messages
Build Orders
End
Panzergrenadier Squad
Kradschützen Motorcycle Team
Selects Armored Support Battlegroup
Panzergrenadier Squad
Construct Light Support Kompanie
Panzerjäger Squad
Fire Support Elements
2.5-tonne Medical Truck
le.IG 18 Mechanized Group
Flakvierling Half-track
Pak 38 Anti-tank Gun Team
Construct Panzerarmee Kommand
Pak 38 Mechanized Group
Emergency Repair Kits
Vehicle Survival Package
Selects Salvage Kits
Selects Panzer Storm
Walking Stuka Rocket Launcher
Selects Stuka Anti-tank Loiter
Stuka Anti-tank Loiter
Armored Reserves
Tiger Heavy Tank
Stuka Anti-tank Loiter
Walking Stuka Rocket Launcher
Selects Veteran Gunners
Selects Flammpanzer III Medium Tank
Selects Command Panzer IV F Medium Tank
UH|dun! ツ
UH|ck
UH|XTC
MillenniumKnight
Phil
DireRadiant
0
0
Comments
sign in to comment!
No comments posted yet!